 Dungeon Sprint DCSS version 0.31.0-9-g3a7656b989 (webtiles) character file.

Game seed: 11081008390718236094

19249 Heoruswealwe the Phalangite (level 12, -18/130 HPs)
             Began as a Minotaur Fighter on Jan 26, 2024.
             Was an Initiate of Gozag.
             Killed from afar by an ice dragon (27 damage)
             ... with a blast of cold
             ... in the Dungeon (Sprint IX: "|||||||||||||||||||||||||||||").
             The game lasted 00:23:45 (2582 turns).

Heoruswealwe the Phalangite (Minotaur Fighter)      Turns: 2582, Time: 00:23:47

Health: -18/130    AC: 28    Str: 26    XL:     12   Next: 34%
Magic:  11/11      EV:  8    Int:  5    God:    Gozag
Gold:   288        SH:  0    Dex: 10    Spells: 11/11 levels left

rFire   . . .        b - +1 glaive (freeze)
rCold   . . .        (shield currently unavailable)
rNeg    . . .        c - +0 plate armour {rPois}
rPois   +            g - +0 hat {Will+}
rElec   +            h - +1 cloak
rCorr   +            f - +0 pair of gloves
SInv    .            e - +1 pair of boots
Will    ++...        i - amulet of regeneration Stlth
                     k - +2 ring of protection
HPRegen 1.21/turn    j - ring of Suspected Treachery {rElec Will+ rCorr}
MPRegen 0.12/turn

%: no teleportation
@: mighty, hasted, very quick
A: horns 2, retaliatory headbutt
a: Renounce Religion, Potion Petition, Call Merchant, Bribe Branch


You were in the Dungeon.
You worshipped Gozag.
Gozag was aware of your devotion.
You visited 1 branch You collected 7763 gold pieces.
You spent 3971 gold pieces at shops.
You paid 3504 gold pieces to Gozag.

Inventory:

Hand Weapons
 a - a +0 trident
 b - a +1 glaive of freezing (weapon)
Armour
 c - a +0 plate armour of poison resistance (worn)
 d - a +0 buckler
 e - a +1 pair of boots (worn)
 f - a +0 pair of gloves (worn)
 g - a +0 hat of willpower (worn)
 h - a +1 cloak (worn)
 A - the +2 pair of slick slippers {slick, slippery, EV+4}
   (You bought it in a shop in the Dungeon)

   Slick:     Its wearer cannot be constricted, engulfed, netted or webbed.
   Slippery:  Its wearer slips away from damaging melee attacks, pulling the
   attacker onward.
   EV+4:      It affects your evasion (+4).
Jewellery
 i - an amulet of regeneration (around neck)
 j - the ring of Suspected Treachery (right hand) {rElec Will+ rCorr}
   (You bought it in a shop in the Dungeon)

   [ring of willpower]

   rElec:     It insulates you from electricity.
   Will+:     It increases your willpower.
   rCorr:     It protects you from acid and corrosion.
 k - a +2 ring of protection (left hand)
Wands
 m - a wand of acid (10)
 r - a wand of charming (10)
Scrolls
 o - 3 scrolls of identify
 p - 7 scrolls of enchant weapon
 s - 5 scrolls of blinking
 x - a scroll of brand weapon
 y - 2 scrolls of enchant armour
Potions
 l - a potion of resistance
 q - 5 potions of curing
 t - a potion of berserk rage
 v - a potion of heal wounds
 z - a potion of mutation
Miscellaneous
 u - a box of beasts


   Skills:
 + Level 19.3 Fighting
 * Level 25.9 Polearms
 + Level 19.3 Armour
 - Level 3.6 Shields


You had 11 spell levels left.
You didn't know any spells.
Your spell library was empty.

Dungeon Overview and Level Annotations

Branches:
Dungeon (1/1)

Altars:
Cheibriados
Dithmenos
Elyvilon
Fedhas
Gozag
Hepliaklqana
Kikubaaqudgha
Makhleb
Nemelex Xobeh
Okawaru
Qazlal
Ru
Sif Muna
Trog
Uskayaw
Vehumet
Wu Jian
Xom
Yredelemnul
Zin
The Shining One
Jiyva
Lugonu

Shops:
D =[(?[[*(

Annotations:
D Donald


Innate Abilities, Weirdness & Mutations

You have a pair of horns on your head.
You reflexively headbutt those who attack you in melee.


Message History

You slash the vampire knight! You freeze the vampire knight.
The vampire knight is heavily damaged.
The vampire knight hits you with a +1 great mace!
* * * LOW HITPOINT WARNING * * *
The vampire knight bites you.
* * * LOW HITPOINT WARNING * * *
The vampire knight draws strength from your injuries!
The vampire knight gestures wildly while chanting.
The vampire knight flickers and vanishes!
Deactivating autopickup; reactivate with Ctrl-A.
You feel yourself speed up.
A frost giant comes into view.
It is wielding a +1 battleaxe of freezing.
Something completely misses you. Something bites you but does no damage.
You feel very mighty all of a sudden. Something hits you!!
* * * LOW HITPOINT WARNING * * *
Something bites you but does no damage.
You feel much better. Something hits you!
* * * LOW HITPOINT WARNING * * *
Something bites you but does no damage.
You barely miss something. Something hits you.
* * * LOW HITPOINT WARNING * * *
Something bites you but does no damage.
You closely miss something. Your headbutt misses something.
Something draws life force from you!
* * * LOW HITPOINT WARNING * * *
You feel much better. Something hits you!
* * * LOW HITPOINT WARNING * * *
Something bites you but does no damage.
You feel much better. Something hits you!
* * * LOW HITPOINT WARNING * * *
Something bites you but does no damage.
You hit something. You hit something. You freeze something.
Something hits you!!
* * * LOW HITPOINT WARNING * * *
Something bites you but does no damage. The ice dragon breathes frost at you.
The blast of cold hits you!!
You die...
Your body crumbles into a pile of gold.

.....'.........'..........(.'..[.
▓▓▓▓▓▓▓▓▓▓▓▓▓▓▓▓▓▓▓▓▓▓▓▓▓▓▓▓▓▓▓▓▓
.................)...............
▓▓▓▓▓▓▓▓▓▓▓▓▓▓▓▓▓▓▓▓▓▓▓▓▓▓▓▓▓▓▓▓▓
.[............[!....∩.∩.∩.∩.∩.∩.'
▓▓▓▓▓▓▓▓▓▓▓▓▓▓▓▓▓▓▓▓▓▓▓▓▓▓▓▓▓▓▓▓▓
.................................
▓▓▓▓▓▓▓▓▓▓▓▓▓▓▓▓▓▓▓▓▓▓▓▓▓▓▓▓▓▓▓▓▓
[[[.[[..........@{DC.....,,,,,,,+
▓▓▓▓▓▓▓▓▓▓▓▓▓▓▓▓▓▓▓▓▓▓▓▓▓********
,,,,,,,,,..........@.....,,,,,,,,
*********▓▓▓▓▓▓▓▓▓▓▓▓▓▓▓▓********
,,,,,,,,,+,,,,,,,,,+,,,,,,,,,+,,,
*********************************
,,,,,,,,,,,,,,,,,,,,,,,,,,,,,,,,,
*********************************
,,,,,,,,,,+,,,,,,,,,,,,,,,,,,,,,+


You could see a frost giant and an ice dragon (catching breath).

Vanquished Creatures
  Gastronok (D)
  An ogre mage (D)
  A hydra (D)
  2 centaur warriors (D)
  5 orc knights (D)
  A deep elf pyromancer (D)
  2 cyclopes (D)
  5 orc sorcerers (D)
  2 manticores (D)
  3 ugly things (D)
  A black mamba (D)
  Maurice (D)
  A gargoyle (D)
  8 cane toads (D)
  2 rime drakes (D)
  3 komodo dragons (D)
  2 tyrant leeches (D)
  2 blink frogs (D)
  3 yaks (D)
  A vampire (D)
  A basilisk (D)
  3 vampire mosquitoes (D)
  Grum (D)
  2 black bears (D)
  13 orc warriors (D)
  A laughing skull (D)
  2 wolves (D)
  A kobold brigand (D)
  2 bullfrogs (D)
  An orc priest (D)
  A sleepcap (D)
  An iguana (D)
  4 orc wizards (D)
  An adder (D)
  A ribbon worm (D)
  12 orcs (D)
  An endoplasm (D)
  2 goblins (D)
  A bat (D)
  A rat (D)
99 creatures vanquished.

Notes
Turn   | Place    | Note
-------+----------+-------------------------------------------
     0 | D        | Heoruswealwe the Minotaur Fighter began the quest for the
                  | Orb.
     0 | D        | Reached XP level 1. HP: 19/19 MP: 0/0
     5 | D        | Reached skill level 3 in Polearms
    34 | D        | Noticed an iguana
    34 | D        | Noticed an orc wizard
    34 | D        | Noticed a sleepcap
    42 | D        | Reached skill level 4 in Polearms
    42 | D        | Reached XP level 2. HP: 26/28 MP: 1/1
    54 | D        | Reached skill level 5 in Fighting
    54 | D        | Reached skill level 5 in Polearms
    54 | D        | Reached skill level 5 in Armour
    54 | D        | Reached XP level 3. HP: 16/36 MP: 2/2
    55 | D        | Reached skill level 6 in Polearms
    71 | D        | Reached skill level 7 in Polearms
    71 | D        | Reached XP level 4. HP: 9/44 MP: 3/3
    77 | D        | Found a snail-covered altar of Cheibriados.
    77 | D        | Found a shadowy altar of Dithmenos.
    77 | D        | Found a white marble altar of Elyvilon.
    77 | D        | Found a blossoming altar of Fedhas.
    77 | D        | Found an opulent altar of Gozag.
    78 | D        | Found a hazy altar of Hepliaklqana.
    79 | D        | Found a viscous altar of Jiyva.
    80 | D        | Found an ancient bone altar of Kikubaaqudgha.
    81 | D        | Found a corrupted altar of Lugonu.
    82 | D        | Found a burning altar of Makhleb.
    83 | D        | Found a sparkling altar of Nemelex Xobeh.
    84 | D        | Found an iron altar of Okawaru.
    85 | D        | Became a worshipper of Gozag Ym Sagoz the Greedy
    86 | D        | Found a stormy altar of Qazlal.
    87 | D        | Found a sacrificial altar of Ru.
    88 | D        | Found a shimmering blue altar of Sif Muna.
    89 | D        | Found a bloodstained altar of Trog.
    90 | D        | Found a hide-covered altar of Uskayaw.
    91 | D        | Found a radiant altar of Vehumet.
    92 | D        | Found an ornate altar of the Wu Jian Council.
    93 | D        | Found a shimmering altar of Xom.
    94 | D        | Found a basalt altar of Yredelemnul.
    95 | D        | Found a glowing silver altar of Zin.
    96 | D        | Found a glowing golden altar of the Shining One.
   202 | D        | Noticed a kobold brigand
   202 | D        | Noticed a gargoyle
   202 | D        | Noticed a vampire
   202 | D        | Noticed a yak
   202 | D        | Noticed a yak
   207 | D        | Killed a kobold brigand
   208 | D        | Reached skill level 9 in Polearms
   208 | D        | Reached XP level 5. HP: 52/52 MP: 4/4
   220 | D        | Killed a gargoyle
   221 | D        | Reached skill level 12 in Polearms
   221 | D        | Reached XP level 6. HP: 47/64 MP: 5/5
   243 | D        | Killed a vampire
   244 | D        | Reached skill level 10 in Fighting
   244 | D        | Reached skill level 13 in Polearms
   244 | D        | Reached skill level 10 in Armour
   244 | D        | Reached XP level 7. HP: 51/72 MP: 6/6
   247 | D        | Killed a yak
   248 | D        | Reached skill level 14 in Polearms
   250 | D        | Killed a yak
   262 | D        | Noticed a manticore
   262 | D        | Noticed a centaur warrior
   262 | D        | Noticed a centaur warrior
   262 | D        | Noticed a purple ugly thing
   262 | D        | Noticed a deep elf pyromancer
   262 | D        | Noticed a vampire mosquito
   267 | D        | Killed a manticore
   268 | D        | Reached skill level 15 in Polearms
   268 | D        | Reached XP level 8. HP: 46/82 MP: 7/7
   272 | D        | Killed a centaur warrior
   273 | D        | Reached skill level 16 in Polearms
   276 | D        | Killed a centaur warrior
   277 | D        | Reached skill level 17 in Polearms
   277 | D        | Reached XP level 9. HP: 39/93 MP: 8/8
   284 | D        | Killed a purple ugly thing
   285 | D        | Reached skill level 18 in Polearms
   286 | D        | Killed a deep elf pyromancer
   557 | D        | Noticed a komodo dragon
   557 | D        | Noticed a rime drake
   557 | D        | Noticed a komodo dragon
   557 | D        | Noticed a cane toad
   558 | D        | Noticed an eight-headed hydra
   561 | D        | Killed a komodo dragon
   562 | D        | Reached skill level 19 in Polearms
   569 | D        | Killed a rime drake
   570 | D        | Reached XP level 10. HP: 71/104 MP: 9/9
   579 | D        | Killed a 12-headed hydra
   580 | D        | Reached skill level 20 in Polearms
   580 | D        | Noticed a cane toad
   584 | D        | Reached skill level 15 in Fighting
   584 | D        | Reached skill level 15 in Armour
   586 | D        | Killed a cane toad
   591 | D        | Killed a cane toad
   735 | D        | Noticed a cane toad
   735 | D        | Noticed a cane toad
   735 | D        | Noticed a black mamba
   737 | D        | Noticed a cane toad
   741 | D        | Noticed a cane toad
   743 | D        | Killed a cane toad
   744 | D        | Reached skill level 21 in Polearms
   749 | D        | Killed a cane toad
   755 | D        | Noticed a cane toad
   759 | D        | Killed a black mamba
   770 | D        | Killed a cane toad
   778 | D        | Killed a cane toad
   779 | D        | Reached XP level 11. HP: 44/115 MP: 10/10
   782 | D        | Reached skill level 22 in Polearms
  1281 | D        | Noticed Maurice
  1294 | D        | Killed Maurice
  1425 | D        | Noticed Grum
  1431 | D        | Killed Grum
  1501 | D        | Noticed an orc knight
  1516 | D        | Reached skill level 23 in Polearms
  1540 | D        | Killed an orc knight
  1790 | D        | Noticed an orc knight
  1803 | D        | Killed an orc knight
  1805 | D        | Noticed an orc knight
  1825 | D        | Killed an orc knight
  2000 | D        | Found Tiax Yxt's Jewellery Emporium.
  2000 | D        | Noticed an orc knight
  2000 | D        | Noticed an orc sorcerer
  2000 | D        | Noticed an orc sorcerer
  2004 | D        | Killed an orc knight
  2005 | D        | Reached skill level 24 in Polearms
  2005 | D        | Noticed a sun demon
  2005 | D        | Noticed an orc knight
  2011 | D        | Killed an orc sorcerer
  2012 | D        | Killed an orc sorcerer
  2016 | D        | Noticed an orc sorcerer
  2021 | D        | Killed an orc knight
  2027 | D        | Paralysed by an orc sorcerer for 5 turns
  2041 | D        | Killed an orc sorcerer
  2076 | D        | Found Mefaw's Armour Shoppe.
  2080 | D        | Found Doesh's Antique Weapon Emporium.
  2084 | D        | Found Qiggov's Magic Scroll Shoppe.
  2087 | D        | Noticed an orc sorcerer
  2091 | D        | Paralysed by an orc sorcerer for 4 turns
  2093 | D        | Noticed an orc sorcerer
  2104 | D        | Killed an orc sorcerer
  2107 | D        | Killed an orc sorcerer
  2108 | D        | Reached XP level 12. HP: 128/128 MP: 11/11
  2193 | D        | Bought the ring of Suspected Treachery {rElec Will+ rCorr}
                  | for 446 gold pieces
  2193 | D        | Bought an amulet of regeneration for 300 gold pieces
  2215 | D        | Bought a scroll of enchant weapon for 97 gold pieces
  2215 | D        | Bought a scroll of fear for 52 gold pieces
  2215 | D        | Bought 2 scrolls of identify for 52 gold pieces
  2215 | D        | Bought a scroll of identify for 26 gold pieces
  2215 | D        | Bought a scroll of identify for 26 gold pieces
  2215 | D        | Bought a scroll of revelation for 97 gold pieces
  2215 | D        | Bought a scroll of identify for 26 gold pieces
  2215 | D        | Bought a scroll of enchant weapon for 97 gold pieces
  2228 | D        | Noticed an ogre mage
  2228 | D        | Identified the +4 kite shield of Vanity {Int+3}
  2228 | D        | Noticed Donald
  2256 | D        | Bought the +2 pair of slick slippers {slick, slippery,
                  | EV+4} for 486 gold pieces
  2256 | D        | Found the +2 pair of slick slippers {slick, slippery, EV+4}
  2270 | D        | Bought a box of beasts for 1400 gold pieces
  2270 | D        | Bought a potion of heal wounds for 175 gold pieces
  2270 | D        | Bought a scroll labelled YTY HERATSOTY for 35 gold pieces
  2270 | D        | Bought a scroll labelled KOQIAH CIYXKY for 35 gold pieces
  2270 | D        | Bought a scroll labelled TADUTH SYFO for 35 gold pieces
  2270 | D        | Bought a coppery potion for 31 gold pieces
  2270 | D        | Bought a scroll of enchant weapon for 262 gold pieces
  2270 | D        | Bought a scroll of enchant weapon for 262 gold pieces
  2270 | D        | Bought a coppery potion for 31 gold pieces
  2344 | D        | Noticed Gastronok
  2356 | D        | Killed Gastronok
  2357 | D        | Reached skill level 25 in Polearms
  2548 | D        | Noticed a vampire knight
  2550 | D        | Killed an ogre mage
  2557 | D        | Noticed an ice dragon
  2574 | D        | Noticed a frost giant
  2582 | D        | Killed from afar by an ice dragon

Illustrated notes

Levels and vault maps discovered:
D:        linesprint [early_d, line_temple, items_1, d_10, items_2, lair_1,
          lair_end, items_3, orc_1, orc_end, items_4, d_15, swamp_1, shoals_1,
          snake_1, spider_1, d_20, vaults_1, items_5, swamp_end, shoals_end,
          snake_end, spider_end, vaults_end, d_27, items_6, zot_1, zot_end,
          crypt_end, forest_end, elf_end, slime_end, tomb_end, abyss_end,
          pan_hell_end]

Skill      XL: |  1  2  3  4  5  6  7  8  9 10 11 12 |
---------------+-------------------------------------+-----
Polearms       | 4 5 7 9 12 13 15 17 19 21 24 25 | 25.9
Fighting       | 4 5 6 7 9 10 11 13 14 16 18 19 | 19.3
Armour         | 4 5 6 7 9 10 11 13 14 16 18 19 | 19.3
Shields        | |  3.6

Action                     |  1- 3 |  4- 6 |  7- 9 | 10-12 || total
---------------------------+-------+-------+-------+-------++-------
  Melee: Trident           |    41 |       |       |       ||    41
         Headbutt          |     8 |     4 |    10 |    43 ||    65
         Halberd           |       |    34 |    40 |   116 ||   190
         Glaive            |       |       |       |   145 ||   145
 Invoke: Call Merchant     |       |       |       |     4 ||     4
    Use: Potion            |       |     5 |       |     8 ||    13
         Scroll            |       |       |       |     8 ||     8
   Stab: Distracted        |       |       |     1 |     1 ||     2
 Armour: Scale mail        |    25 |       |       |       ||    25
         Chain mail        |       |    44 |    17 |   107 ||   168
         Plate armour      |       |       |       |    64 ||    64
  Dodge: Dodged            |     9 |     2 |     7 |    38 ||    56
  Block: Buckler           |     4 |       |       |       ||     4
